AoeStats
← Peasantz

Black Forest

515651663Analyzed
4v4 RM · 14d ago on Oct 23, 2026· 89m 9s· 8 players
Game mode
Random Map
Map size
Large (8 player)
Population
200
Speed
Normal
Resources
Standard
Victory
Conquest
Starting age
Dark Age
Ending age
Imperial Age
RankedLock teamsTeams togetherTeam positionsShared explorationLock speedFull tech treeHidden civsTurbo modeCheats
Victory
Defeat
🇦🇺 Spanish · Australia
928
+20
🇦🇺 Burgundians · Australia
851
+12
🇦🇺 Ethiopians · Australia
828
+13
🇦🇺 Bohemians · Australia
797
+14
vs
🇨🇳 Franks · China
793
-13
🇨🇱 Khmer · Chile
791
-13
🇨🇳 Britons · China
763
-12
🇨🇳 Poles · China
744
-11
Jx
0:28 Loom
14:49 Feudal Age
17:19 Wheelbarrow
16:30 Town Watch
16:28 Horse Collar
16:34 Double-Bit Axe
22:19 Castle Age
23:31 Hand Cart
23:17 Heavy Plow
25:19 Fervor
29:14 Bow Saw
32:14 Imperial Age
31:57 Scale Barding Armor
32:03 Forging
32:36 Light Cavalry
33:26 Bloodlines
33:16 Husbandry
33:01 Onager
35:42 Chemistry
35:02 Town Patrol
36:57 Hussar
38:42 Chain Barding Armor
38:58 Iron Casting
38:46 Ballistics
38:36 Fortified Wall
38:37 Masonry
38:22 Murder Holes
39:14 Elite Battle Elephant
41:21 Plate Barding Armor
43:23 Blast Furnace
42:25 Scale Mail Armor
42:15 Fletching
42:25 Padded Archer Armor
44:01 Bodkin Arrow
44:23 Chain Mail Armor
44:42 Architecture
44:17 Siege Engineers
45:07 Pikeman
45:33 Arson
46:09 Bracer
46:25 Leather Archer Armor
46:53 Halberdier
46:54 Man-at-Arms
49:11 Conscription
48:22 Sappers
49:27 Hoardings
48:54 Tusk Swords
50:56 Ring Archer Armor
50:21 Guard Tower
50:22 Heated Shot
57:04 Elite Skirmisher
62:05 Stone Mining
62:05 Gold Mining
61:39 Elite Ballista Elephant
62:19 Double Crossbow
70:06 Stone Shaft Mining
70:06 Gold Shaft Mining
70:50 Crossbowman
71:55 Parthian Tactics
70:51 Heavy Cavalry Archer
71:42 Caravan
72:13 Coinage
78:37 Elite Cannon Galleon
79:29 Medium Warships
78:40 Demolition Ship
79:02 Fishing Lines
我喜欢狐臭
11:45 Feudal Age
23:15 Castle Age
21:08 Double-Bit Axe
24:30 Bow Saw
28:05 Wheelbarrow
28:30 Husbandry
29:06 Forging
29:02 Scale Barding Armor
29:24 Hand Cart
29:34 Gold Mining
33:33 Iron Casting
33:14 Masonry
33:26 Ballistics
32:59 Fletching
33:47 Caravan
38:10 Imperial Age
36:36 Chain Barding Armor
38:33 Town Watch
39:47 Plate Barding Armor
40:14 Blast Furnace
39:05 Cavalier
58:50 Paladin
65:36 Gold Shaft Mining
75:16 Elite Throwing Axeman
76:32 Light Cavalry
77:35 Padded Archer Armor
77:31 Bodkin Arrow
77:39 Scale Mail Armor
79:07 Conscription
78:48 Chivalry
79:22 Leather Archer Armor
李世民
12:44 Feudal Age
17:10 Castle Age
15:03 Horse Collar
16:18 Double-Bit Axe
18:16 Heavy Plow
19:19 Bow Saw
25:35 Gold Mining
25:40 Stone Mining
29:27 Stone Shaft Mining
29:45 Loom
30:35 Wheelbarrow
29:45 Town Watch
30:30 Forging
30:25 Scale Barding Armor
31:49 Hand Cart
31:34 Town Patrol
32:32 Gold Mining
36:06 Iron Casting
35:52 Chain Barding Armor
38:21 Imperial Age
40:04 Blast Furnace
38:54 Fletching
39:05 Padded Archer Armor
39:05 Scale Mail Armor
39:44 Ballistics
40:24 Chemistry
39:05 Treadmill Crane
39:31 Siege Engineers
39:37 Masonry
40:42 Crop Rotation
40:54 Conscription
40:55 Lechitic Legacy
40:57 Husbandry
41:07 Bloodlines
40:17 Light Cavalry
43:37 Bodkin Arrow
43:58 Leather Archer Armor
43:58 Chain Mail Armor
45:10 Hoardings
45:03 Bombard Tower
44:39 Murder Holes
44:54 Fortified Wall
46:39 Bracer
47:10 Plate Mail Armor
46:14 Winged Hussar
Patrick Star
1:05 Loom
11:18 Feudal Age
14:59 Horse Collar
21:49 Castle Age
21:35 Gold Mining
21:37 Double-Bit Axe
25:31 Bow Saw
27:20 Heavy Plow
27:26 Stone Mining
29:11 Fletching
29:22 Padded Archer Armor
30:14 Wheelbarrow
29:32 Town Watch
31:06 Ballistics
30:57 Fortified Wall
31:02 Masonry
35:04 Yeomen
37:58 Imperial Age
35:28 Bodkin Arrow
35:49 Leather Archer Armor
36:24 Scale Mail Armor
36:31 Murder Holes
39:40 Chemistry
38:49 Siege Engineers
39:14 Architecture
38:48 Bracer
39:19 Ring Archer Armor
39:16 Conscription
41:14 Warwolf
42:13 Treadmill Crane
46:59 Elite Longbowman
61:52 Caravan
63:52 Pikeman
64:32 Squires
64:17 Gambesons
65:24 Chain Mail Armor
67:19 Halberdier
76:45 Scale Barding Armor
76:50 Forging
77:11 Plate Mail Armor
76:16 Light Cavalry
76:21 Cavalier
77:01 Husbandry
77:47 Chain Barding Armor
80:09 Iron Casting
80:59 Two-Man Saw
Peasantz
10:04 Loom
12:17 Feudal Age
16:50 Castle Age
15:09 Double-Bit Axe
16:08 Horse Collar
25:41 Wheelbarrow
26:34 Gold Mining
27:23 Fletching
27:37 Padded Archer Armor
27:48 Forging
28:31 Hand Cart
27:47 Crossbowman
29:15 Town Watch
32:25 Imperial Age
29:26 Crossbowman
30:12 Thumb Ring
30:16 Scale Mail Armor
30:51 Squires
30:49 Bodkin Arrow
31:10 Leather Archer Armor
31:23 Ballistics
32:05 Thumb Ring
33:12 Bracer
33:42 Ring Archer Armor
32:41 Arbalester
34:55 Chemistry
42:08 Chain Mail Armor
42:28 Iron Casting
48:27 Elite Shotel Warrior
55:34 Plate Mail Armor
54:29 Halberdier
63:27 Blast Furnace
63:41 Murder Holes
66:41 Elite Skirmisher
77:33 Guilds
85:42 Siege Engineers
ShadowVY
0:45 Loom
13:43 Feudal Age
14:06 Double-Bit Axe
17:08 Bow Saw
20:25 Castle Age
18:58 Horse Collar
19:57 Fishing Lines
20:50 Forging
20:48 Scale Barding Armor
23:42 Gillnets
26:17 Two-Man Saw
25:19 Heavy Plow
27:37 Chain Barding Armor
27:16 Gold Mining
27:17 Stone Mining
29:07 Scale Mail Armor
31:48 Crop Rotation
32:21 Wheelbarrow
34:31 Iron Casting
34:11 Chain Mail Armor
34:39 Gold Shaft Mining
34:39 Stone Shaft Mining
34:57 Hand Cart
35:12 Husbandry
38:27 Imperial Age
37:27 Burgundian Vineyards
37:42 Caravan
38:19 Clinker Construction
38:23 Fortified Wall
37:47 Light Cavalry
38:47 Elite Coustillier
40:32 Blast Furnace
42:12 Plate Barding Armor
42:08 Plate Mail Armor
45:03 Conscription
44:58 Hussar
48:00 Fletching
48:12 Padded Archer Armor
49:06 Cavalier
54:56 Murder Holes
56:07 Chemistry
55:27 Ballistics
55:05 Town Watch
57:46 Flemish Revolution
70:35 Paladin
75:05 Pikeman
75:46 Squires
78:27 Bombard Tower
86:50 Arson
Friedrice4eva
13:01 Feudal Age
18:51 Castle Age
18:46 Double-Bit Axe
18:45 Horse Collar
22:04 Bow Saw
24:44 Wheelbarrow
25:24 Ballistics
26:24 Hand Cart
27:20 Murder Holes
27:51 Heavy Plow
27:54 Stone Mining
28:00 Gold Mining
33:32 Imperial Age
31:26 Pikeman
32:59 Squires
32:44 Arson
32:45 Gambesons
32:21 Man-at-Arms
34:28 Stone Shaft Mining
34:14 Caravan
35:34 Chemistry
34:23 Arrowslits
34:50 Fortified Wall
34:52 Masonry
39:22 Hoardings
41:13 Halberdier
42:06 Loom
42:24 Scale Mail Armor
42:30 Scale Barding Armor
42:26 Padded Archer Armor
42:17 Fletching
42:38 Forging
42:03 Long Swordsman
42:24 Elite Conquistador
44:00 Elite Skirmisher
56:22 Cavalier
57:02 Husbandry
58:32 Paladin
58:32 Light Cavalry
59:22 Bloodlines
61:45 Heavy Mounted Crossbowman
62:31 Thumb Ring
81:03 Architecture
80:54 Bombard Tower
80:24 Guard Tower
81:17 Iron Casting
80:58 Chain Mail Armor
81:03 Chain Barding Armor
80:59 Leather Archer Armor
80:39 Bodkin Arrow
82:14 Two-Handed Swordsman
86:16 Plate Mail Armor
86:16 Ring Archer Armor
86:22 Plate Barding Armor
86:47 Blast Furnace
85:48 Bracer
85:16 Hussar
86:30 Coinage
86:12 Guilds
Mucusinator
12:19 Feudal Age
13:10 Town Watch
14:02 Wheelbarrow
19:34 Horse Collar
21:42 Loom
26:26 Castle Age
26:36 Double-Bit Axe
27:39 Crossbowman
29:20 Bow Saw
29:13 Heavy Plow
30:18 Fortified Wall
31:34 Chemistry
31:37 Light Cavalry
33:08 Husbandry
34:16 Fletching
34:38 Forging
35:18 Ballistics
38:40 Bodkin Arrow
38:53 Scale Barding Armor
40:01 Masonry
46:13 Imperial Age
46:35 Pikeman
47:16 Squires
47:09 Arson
62:51 Houfnice
71:05 Siege Engineers
83:35 Caravan
Connection lost

Rejoining the realm…

Still unreachable

The connection could not be restored.

Session expired

The server has moved on; the page needs a fresh start.